[Event "ESP-chT 1st Division 2020"]
[Site "Padron"]
[Date "2020.10.04"]
[Round "2.18"]
[White "Castillo Escario, Yolanda"]
[Black "Rodrigo Yanguas, Maria"]
[Result "1/2-1/2"]
[ECO "B52"]
[WhiteElo "2006"]
[BlackElo "2077"]
[Annotator "ChessBase"]
[PlyCount "84"]
[EventDate "2020.10.01"]
[EventType "team-tourn"]
[EventCountry "ESP"]
[SourceTitle "playchess.com"]
[Source "ChessBase"]
[SourceQuality "1"]
[TimeControl "5400+30"]

1. e4 c5 2. Nf3 d6 3. Bb5+ Bd7 4. Bxd7+ Nxd7 5. O-O Ngf6 6. Qe2 e6 7. b3 Be7 8. Bb2 O-O 9. d4 cxd4 10. Nxd4 a6 11. c4 Qc7 12. Nc3 b6 13. Rfd1 Rfd8 14. Rd3 Ne5 15. Rg3 Nc6 16. Nc2 Rab8 17. Ne3 Qb7 18. Rd1 b5 19. cxb5 axb5 20. Kh1 Ne5 21. f4 Ng6 22. f5 Ne5 23. fxe6 fxe6 24. b4 Nxe4 25. Nxe4 Qxe4 26. Rd4 Qb7 27. Ng4 Rf8 28. Nxe5 dxe5 29. Rdg4 Bf6 30. h4 Qd5 31. a3 Rbd8 32. Re4 Qa2 33. Bxe5 Qb1+ 34. Kh2 Rd1 35. Rf3 Rh1+ 36. Kg3 Qg1 37. Bxf6 Qh2+ 38. Kf2 Qg1+ 39. Kg3 Qh2+ 40. Kf2 Qg1+ 41. Kg3 Qh2+ 42. Kg4 gxf6 1/2-1/2

[Event "ESP-chT 1st Division 2020"]
[Site "Padron"]
[Date "2020.10.04"]
[Round "2.19"]
[White "Del Rio De Angelis, Salvador G."]
[Black "Salgado Lopez, Ivan"]
[Result "1/2-1/2"]
[ECO "D86"]
[WhiteElo "2508"]
[BlackElo "2595"]
[Annotator "ChessBase"]
[PlyCount "59"]
[EventDate "2020.10.01"]
[EventType "team-tourn"]
[EventCountry "ESP"]
[SourceTitle "playchess.com"]
[Source "ChessBase"]
[SourceQuality "1"]
[TimeControl "5400+30"]

1. d4 Nf6 2. c4 g6 3. Nc3 d5 4. cxd5 Nxd5 5. e4 Nxc3 6. bxc3 Bg7 7. Bc4 c5 8. Ne2 Nc6 9. Be3 O-O 10. O-O Bg4 11. f3 Bd7 12. Rb1 Qc7 13. Bf4 Qc8 14. d5 Na5 15. Bd3 e5 16. Be3 c4 17. Bc2 b6 18. f4 exf4 19. Bd4 Nb7 20. Rxf4 Qc7 21. Bxg7 Kxg7 22. Qd2 f6 23. Nd4 Rae8 24. Rbf1 Nd6 25. Qf2 Qd8 26. h4 Re5 27. Nf3 Ree8 28. Nd4 Re5 29. Nf3 Ree8 30. Nd4 1/2-1/2

[Event "ESP-chT 1st Division 2020"]
[Site "Padron"]
[Date "2020.10.04"]
[Round "2.20"]
[White "Brunello, Sabino"]
[Black "Demuth, Adrien"]
[Result "1/2-1/2"]
[ECO "E41"]
[WhiteElo "2539"]
[BlackElo "2488"]
[Annotator "ChessBase"]
[PlyCount "31"]
[EventDate "2020.10.01"]
[EventType "team-tourn"]
[EventCountry "ESP"]
[SourceTitle "playchess.com"]
[Source "ChessBase"]
[SourceQuality "1"]
[TimeControl "5400+30"]

1. d4 Nf6 2. c4 e6 3. Nc3 Bb4 4. e3 c5 5. Nf3 Bxc3+ 6. bxc3 d6 7. Bd3 Nc6 8. e4 e5 9. d5 Ne7 10. Ng1 Ng6 11. h4 O-O 12. g3 h6 13. h5 Nh8 14. Bd2 Re8 15. f3 Nh7 16. g4 1/2-1/2

[Event "ESP-chT 1st Division 2020"]
[Site "Padron"]
[Date "2020.10.04"]
[Round "2.21"]
[White "Narciso Dublan, Marc"]
[Black "Larino Nieto, David"]
[Result "1/2-1/2"]
[ECO "A40"]
[WhiteElo "2477"]
[BlackElo "2477"]
[Annotator "ChessBase"]
[PlyCount "107"]
[EventDate "2020.10.01"]
[EventType "team-tourn"]
[EventCountry "ESP"]
[SourceTitle "playchess.com"]
[Source "ChessBase"]
[SourceQuality "1"]
[TimeControl "5400+30"]

1. d4 g6 2. e4 c6 3. Nf3 d5 4. Nbd2 Bg7 5. exd5 cxd5 6. Bd3 Nc6 7. c3 Nh6 8. O-O O-O 9. Re1 Bf5 10. Nb3 Qd6 11. Bxh6 Bxh6 12. Bxf5 gxf5 13. Nh4 Qf6 14. Qh5 e6 15. Nf3 Qg6 16. Qh4 Kh8 17. Nc5 Rg8 18. Qh3 Rg7 19. Re2 Rag8 20. g3 f4 21. Rae1 fxg3 22. fxg3 b6 23. Nd7 Bf4 24. Kh1 Bd6 25. Rf2 Rd8 26. Nfe5 Nxe5 27. Nxe5 Bxe5 28. Rxe5 Qb1+ 29. Kg2 Qxa2 30. Qh4 Rdg8 31. Qe7 a5 32. Rxf7 Qxb2+ 33. Kh3 Qf2 34. Rxg7 Rxg7 35. Qxe6 Rg6 36. Qe8+ Rg8 37. Qe7 Qf1+ 38. Kh4 Qf3 39. Qe6 Rg6 40. Qe8+ Kg7 41. Qd7+ Kh6 42. Rxd5 a4 43. Qf5 Qxf5 44. Rxf5 a3 45. c4 a2 46. Rf1 Re6 47. Ra1 Re2 48. c5 Rxh2+ 49. Kg4 bxc5 50. dxc5 Rc2 51. c6 Kg6 52. c7 h5+ 53. Kh3 Rxc7 54. Rxa2 1/2-1/2

[Event "ESP-chT 1st Division 2020"]
[Site "Padron"]
[Date "2020.10.04"]
[Round "2.22"]
[White "Silva, Luis Neves Da"]
[Black "Suarez Garcia, Carlos"]
[Result "0-1"]
[ECO "D37"]
[WhiteElo "2379"]
[BlackElo "2439"]
[Annotator "ChessBase"]
[PlyCount "74"]
[EventDate "2020.10.01"]
[EventType "team-tourn"]
[EventCountry "ESP"]
[SourceTitle "playchess.com"]
[Source "ChessBase"]
[SourceQuality "1"]
[TimeControl "5400+30"]

1. d4 d5 2. c4 e6 3. Nc3 Be7 4. Nf3 Nf6 5. Bf4 O-O 6. e3 Nbd7 7. Be2 dxc4 8. O-O Nd5 9. Bxc4 Nxf4 10. exf4 Nb6 11. Bd3 Nd5 12. Qd2 Bd7 13. Ne5 Rc8 14. Nxd5 exd5 15. Qc2 g6 16. Qb3 Be8 17. Qxb7 Rb8 18. Qxa7 f6 19. Nf3 Bc6 20. Bxg6 Ra8 21. Qxa8 Qxa8 22. Bf5 Bd6 23. Rfe1 Re8 24. Be6+ Kf8 25. f5 Rb8 26. b3 Be8 27. g4 h6 28. Nh4 Rb4 29. Rad1 c6 30. Re2 Qa7 31. Nf3 Qg7 32. h3 h5 33. g5 fxg5 34. Kh1 g4 35. Ne5 Bxe5 36. dxe5 gxh3 37. f3 Qg3 0-1

[Event "ESP-chT 1st Division 2020"]
[Site "Padron"]
[Date "2020.10.04"]
[Round "2.23"]
[White "Travadon, Loic"]
[Black "Gomez Dieguez, David"]
[Result "1/2-1/2"]
[ECO "D37"]
[WhiteElo "2424"]
[BlackElo "2261"]
[Annotator "ChessBase"]
[PlyCount "86"]
[EventDate "2020.10.01"]
[EventType "team-tourn"]
[EventCountry "ESP"]
[SourceTitle "playchess.com"]
[Source "ChessBase"]
[SourceQuality "1"]
[TimeControl "5400+30"]

1. Nf3 Nf6 2. d4 e6 3. c4 d5 4. Nc3 a6 5. cxd5 exd5 6. Bg5 Be6 7. e3 Nbd7 8. Bd3 Bd6 9. O-O c6 10. Qc2 Qc7 11. Bh4 O-O 12. Bg3 h6 13. b4 b5 14. Ne2 Bxg3 15. Nxg3 Nb6 16. Ne5 Nc4 17. Bxc4 bxc4 18. Ne2 a5 19. bxa5 Rxa5 20. a4 c5 21. Nc3 cxd4 22. exd4 Rfa8 23. Rfb1 Qc8 24. Rb6 Nd7 25. Nxd7 Bxd7 26. Rb4 Qc7 27. h3 g6 28. Qd2 Kg7 29. Qb2 Qf4 30. Rb7 Bc6 31. Rb6 Be8 32. Kh1 Bxa4 33. Re1 Bb3 34. Rb7 Qxd4 35. Ree7 Rf8 36. Qc1 Qxf2 37. Ne4 Qd4 38. Qf4 Ra1+ 39. Kh2 Qg1+ 40. Kg3 Qe1+ 41. Kh2 Qg1+ 42. Kg3 Qe1+ 43. Kh2 Qg1+ 1/2-1/2

[Event "ESP-chT 1st Division 2020"]
[Site "Padron"]
[Date "2020.10.04"]
[Round "2.24"]
[White "Hernandez Estevez, Yudania"]
[Black "Ambartsumova, Karina"]
[Result "0-1"]
[ECO "C84"]
[WhiteElo "2197"]
[BlackElo "2371"]
[Annotator "ChessBase"]
[PlyCount "82"]
[EventDate "2020.10.01"]
[EventType "team-tourn"]
[EventCountry "ESP"]
[SourceTitle "playchess.com"]
[Source "ChessBase"]
[SourceQuality "1"]
[TimeControl "5400+30"]

1. e4 e5 2. Nf3 Nc6 3. Bb5 a6 4. Ba4 Nf6 5. O-O Be7 6. d3 b5 7. Bb3 O-O 8. Re1 Bb7 9. Nc3 d6 10. a3 Nd4 11. Nxd4 exd4 12. Ne2 c5 13. Ng3 Bc8 14. c3 dxc3 15. bxc3 Bg4 16. f3 Be6 17. d4 Bxb3 18. Qxb3 Nd7 19. Nf5 g6 20. Nxe7+ Qxe7 21. Bh6 Rfc8 22. a4 bxa4 23. Qxa4 cxd4 24. cxd4 d5 25. Qa2 Nb6 26. Qf2 Qf6 27. h4 a5 28. Bg5 Qe6 29. exd5 Qd6 30. Be7 Qxd5 31. Re5 Qd7 32. h5 Nd5 33. Bc5 Re8 34. Rae1 a4 35. h6 Rxe5 36. Rxe5 a3 37. Qa2 Nc3 38. Qa1 a2 39. d5 Qb5 40. Bd4 Qb1+ 41. Re1 Qxa1 0-1

[Event "ESP-chT 1st Division 2020"]
[Site "Padron"]
[Date "2020.10.05"]
[Round "3.2"]
[White "Glavina, Pablo"]
[Black "Brunello, Sabino"]
[Result "1/2-1/2"]
[ECO "B14"]
[WhiteElo "2412"]
[BlackElo "2539"]
[Annotator "ChessBase"]
[PlyCount "65"]
[EventDate "2020.10.01"]
[EventType "team-tourn"]
[EventCountry "ESP"]
[SourceTitle "playchess.com"]
[Source "ChessBase"]
[SourceQuality "1"]
[TimeControl "5400+30"]

1. e4 c6 2. d4 d5 3. exd5 cxd5 4. c4 Nf6 5. Nc3 e6 6. Nf3 Bb4 7. cxd5 Nxd5 8. Qc2 Nc6 9. Be2 Nce7 10. O-O O-O 11. Bg5 h6 12. Bh4 Nf4 13. Bc4 Nfg6 14. Bg3 Bd7 15. d5 Rc8 16. Qb3 Bxc3 17. dxe6 Rxc4 18. exd7 Rc6 19. Qxb7 Bf6 20. Rac1 Qb6 21. Qxb6 axb6 22. Rxc6 Nxc6 23. Bc7 Ra8 24. Rc1 Nd8 25. Bxb6 Rxa2 26. g3 Nf8 27. Bxd8 Bxd8 28. Rc8 Bf6 29. Nd2 Rxb2 30. Ne4 Be7 31. Re8 Rb1+ 32. Kg2 Rd1 33. Rxe7 1/2-1/2

[Event "ESP-chT 1st Division 2020"]
[Site "Padron"]
[Date "2020.10.05"]
[Round "3.3"]
[White "Larino Nieto, David"]
[Black "Quintin Navarro, Alberto"]
[Result "0-1"]
[ECO "A06"]
[WhiteElo "2477"]
[BlackElo "2383"]
[Annotator "ChessBase"]
[PlyCount "124"]
[EventDate "2020.10.01"]
[EventType "team-tourn"]
[EventCountry "ESP"]
[SourceTitle "playchess.com"]
[Source "ChessBase"]
[SourceQuality "1"]
[TimeControl "5400+30"]

1. Nf3 d5 2. b3 Nf6 3. Bb2 e6 4. g3 Be7 5. Bg2 O-O 6. O-O b6 7. e3 Bb7 8. Qe2 c5 9. Na3 Nc6 10. c4 Qd7 11. Rfd1 Rad8 12. cxd5 Nxd5 13. Nc4 Bf6 14. d4 cxd4 15. exd4 Qc8 16. Rac1 Qa8 17. h4 h6 18. Nh2 Ncb4 19. Qd2 h5 20. a3 Nc6 21. Be4 Nde7 22. Qf4 Ng6 23. Qe3 b5 24. Bxg6 fxg6 25. Qxe6+ Kh7 26. Nd6 Qb8 27. Nxb7 Nxd4 28. Bxd4 Bxd4 29. Rxd4 Rxd4 30. Qe7 Re8 31. Qc5 Rd3 32. Qxb5 Red8 33. Qc6 Rxg3+ 34. Kf1 Rf8 35. Qc7 Rxb3 36. Qxb8 Rxb8 37. Nc5 Rb1 38. Rxb1 Rxb1+ 39. Ke2 Rc1 40. Ne6 Ra1 41. Nf8+ Kg8 42. Nxg6 Rxa3 43. Nf3 a5 44. Nfe5 a4 45. Kd2 Rb3 46. Kc2 Rb4 47. Nd3 Rb5 48. Ne7+ Kh7 49. Nc6 g5 50. Nd4 Rd5 51. Nf3 gxh4 52. Nxh4 a3 53. Nc1 Rb5 54. f3 Kg7 55. Kc3 Kf6 56. f4 Rc5+ 57. Kd2 Ra5 58. Na2 Rb5 59. Nc3 Rb2+ 60. Kc1 Rh2 61. Ne4+ Kf7 62. Ng5+ Ke8 0-1

[Event "ESP-chT 1st Division 2020"]
[Site "Padron"]
[Date "2020.10.05"]
[Round "3.4"]
[White "Bayo Milagro, Alvaro"]
[Black "Gomez Dieguez, David"]
[Result "1/2-1/2"]
[ECO "A33"]
[WhiteElo "2254"]
[BlackElo "2261"]
[Annotator "NA"]
[PlyCount "100"]
[EventDate "2020.10.01"]
[EventType "team-tourn"]
[EventCountry "ESP"]
[SourceTitle "playchess.com"]
[Source "ChessBase"]
[SourceQuality "1"]
[TimeControl "5400+30"]

1. c4 c5 2. Nf3 Nf6 3. Nc3 e6 4. d4 cxd4 5. Nxd4 Nc6 6. g3 a6 7. Bg2 Qc7 8. O-O Be7 9. b3 d6 10. Bb2 Bd7 11. Rc1 Nxd4 12. Qxd4 O-O 13. Rfd1 Rfd8 14. a4 Bf8 15. b4 Rac8 16. b5 a5 17. Ba3 Be8 18. Ne4 Nxe4 19. Bxe4 f5 20. Bf3 e5 21. Bd5+ Bf7 22. Bxf7+ Qxf7 23. Qb6 Qc7 24. c5 dxc5 25. Rxd8 Qxd8 26. Qe6+ Kh8 27. Bb2 Qe8 28. Qxf5 Bd6 29. Rd1 Rd8 30. Rd5 Qg8 31. e4 c4 32. h4 h6 33. Qg6 Qf8 34. b6 Be7 35. Bxe5 Bf6 36. Bxf6 Rxd5 37. exd5 gxf6 38. Kf1 c3 39. Ke2 Qe7+ 40. Kd3 c2 41. Qxh6+ Kg8 42. Qc1 Qc5 43. Qxc2 Qxd5+ 44. Kc3 Kg7 45. Qe2 Qc5+ 46. Kd2 Qb4+ 47. Kd3 Qb3+ 48. Kd2 Qb4+ 49. Kd3 Qb3+ 50. Kd2 Qb4+ 1/2-1/2

[Event "ESP-chT 1st Division 2020"]
[Site "Padron"]
[Date "2020.10.05"]
[Round "3.5"]
[White "Gomez Dieguez, Adrian"]
[Black "Vela Frago, Alberto"]
[Result "1-0"]
[ECO "C50"]
[WhiteElo "2272"]
[BlackElo "2071"]
[Annotator "NA"]
[PlyCount "57"]
[EventDate "2020.10.01"]
[EventType "team-tourn"]
[EventCountry "ESP"]
[SourceTitle "playchess.com"]
[Source "ChessBase"]
[SourceQuality "1"]
[TimeControl "5400+30"]

1. e4 e5 2. Nf3 Nc6 3. Bc4 Nf6 4. d3 Bc5 5. c3 d6 6. Bb3 a5 7. Nbd2 O-O 8. h3 Be6 9. Nf1 Bxb3 10. Qxb3 a4 11. Qc2 Qb8 12. Ng3 b5 13. Bg5 Nd7 14. Qd2 f6 15. Be3 Bxe3 16. fxe3 g6 17. O-O Ne7 18. Qe2 c5 19. Nh4 Qc7 20. Qg4 Kh8 21. Rf2 Rf7 22. Nf3 Rff8 23. Raf1 Rg8 24. Ng5 Rae8 25. Nf7+ Kg7 26. Nh5+ Kf8 27. Nxf6 Nf5 28. Nxe8 Kxe8 29. Rxf5 1-0

[Event "ESP-chT 1st Division 2020"]
[Site "Padron"]
[Date "2020.10.05"]
[Round "3.6"]
[White "Gracia Laguens, Asuncion"]
[Black "Hernandez Estevez, Yudania"]
[Result "0-1"]
[ECO "B00"]
[WhiteElo "1414"]
[BlackElo "2197"]
[Annotator "NA"]
[PlyCount "52"]
[EventDate "2020.10.01"]
[EventType "team-tourn"]
[EventCountry "ESP"]
[SourceTitle "playchess.com"]
[Source "ChessBase"]
[SourceQuality "1"]
[TimeControl "5400+30"]

1. e4 d6 2. c4 Nf6 3. Nc3 g6 4. g3 c5 5. Bg2 Nc6 6. Nge2 Bg7 7. d3 Nd4 8. O-O O-O 9. Be3 e5 10. h3 Rb8 11. Bxd4 cxd4 12. Nd5 Nxd5 13. cxd5 f5 14. f4 Qb6 15. Qb3 Qxb3 16. axb3 fxe4 17. dxe4 Bd7 18. Rf2 a6 19. Bf1 Bh6 20. Rd1 Rbc8 21. Rc1 Bb5 22. Rxc8 Rxc8 23. fxe5 dxe5 24. Rf6 Bg5 25. Re6 d3 26. Nc3 Rxc3 0-1

[Event "ESP-chT 1st Division 2020"]
[Site "Padron"]
[Date "2020.10.05"]
[Round "3.7"]
[White "Alsina Leal, Daniel"]
[Black "Del Rio De Angelis, Salvador G."]
[Result "1/2-1/2"]
[ECO "B04"]
[WhiteElo "2494"]
[BlackElo "2508"]
[Annotator "ChessBase"]
[PlyCount "94"]
[EventDate "2020.10.01"]
[EventType "team-tourn"]
[EventCountry "ESP"]
[SourceTitle "playchess.com"]
[Source "ChessBase"]
[SourceQuality "1"]
[TimeControl "5400+30"]

1. e4 Nf6 2. e5 Nd5 3. d4 d6 4. Nf3 dxe5 5. Nxe5 g6 6. Bc4 c6 7. O-O Bg7 8. Bb3 O-O 9. Re1 Be6 10. c3 Nd7 11. Nd3 Nc7 12. Bg5 Re8 13. Nd2 Qc8 14. Bc2 Nf6 15. Ne5 Bf5 16. Bb3 Be6 17. Bc2 Bf5 18. Bb3 Be6 19. Ndc4 Nfd5 20. Bd2 a5 21. a4 Ra6 22. Nd3 Nb6 23. Nce5 Ra7 24. Nc5 Bxe5 25. Rxe5 Bxb3 26. Qxb3 Nd7 27. Nxd7 Qxd7 28. Rae1 Nd5 29. h4 e6 30. Qd1 b5 31. axb5 cxb5 32. Qf3 f6 33. R5e2 a4 34. h5 gxh5 35. Qxh5 Qf7 36. Qg4+ Qg6 37. Qxg6+ hxg6 38. Rxe6 Rae7 39. Rxe7 Rxe7 40. Rd1 Kf7 41. Kf1 Nb6 42. Rb1 Nc4 43. Bc1 Na5 44. Be3 Ke6 45. Ke2 Kd5 46. Kd3 Rh7 47. g3 Rh2 1/2-1/2

[Event "ESP-chT 1st Division 2020"]
[Site "Padron"]
[Date "2020.10.05"]
[Round "3.8"]
[White "Demuth, Adrien"]
[Black "Alonso Moyano, Jonathan"]
[Result "1/2-1/2"]
[ECO "B50"]
[WhiteElo "2488"]
[BlackElo "2334"]
[Annotator "ChessBase"]
[PlyCount "60"]
[EventDate "2020.10.01"]
[EventType "team-tourn"]
[EventCountry "ESP"]
[SourceTitle "playchess.com"]
[Source "ChessBase"]
[SourceQuality "1"]
[TimeControl "5400+30"]

1. e4 c5 2. Nf3 d6 3. d4 Nf6 4. dxc5 Nxe4 5. cxd6 Nc6 6. dxe7 Qxd1+ 7. Kxd1 Bxe7 8. Be3 Bg4 9. Bd3 O-O-O 10. Kc1 Nc5 11. Bc4 Bxf3 12. gxf3 Ne5 13. Be2 a6 14. Nd2 f5 15. Rd1 Ne6 16. Nc4 Rxd1+ 17. Kxd1 Rd8+ 18. Ke1 Nxc4 19. Bxc4 Nd4 20. Bxd4 Rxd4 21. Be6+ Kc7 22. Bxf5 Rh4 23. h3 Rh5 24. Bg4 Rb5 25. Rd1 Bd6 26. Kd2 Rxb2 27. Be6 Rb5 28. Re1 Re5 29. Re3 Rc5 30. Re4 Be5 1/2-1/2

[Event "ESP-chT 1st Division 2020"]
[Site "Padron"]
[Date "2020.10.05"]
[Round "3.9"]
[White "Hernandez, Cristian Andres"]
[Black "Narciso Dublan, Marc"]
[Result "0-1"]
[ECO "D12"]
[WhiteElo "2320"]
[BlackElo "2477"]
[Annotator "ChessBase"]
[PlyCount "114"]
[EventDate "2020.10.01"]
[EventType "team-tourn"]
[EventCountry "ESP"]
[SourceTitle "playchess.com"]
[Source "ChessBase"]
[SourceQuality "1"]
[TimeControl "5400+30"]

1. d4 d5 2. Nf3 Nf6 3. c4 c6 4. e3 Bf5 5. Nc3 e6 6. Nh4 Bg6 7. Nxg6 hxg6 8. Bd2 Nbd7 9. Qc2 Be7 10. Be2 Qc7 11. g3 Rd8 12. c5 e5 13. f3 Nf8 14. b4 Ne6 15. Qd3 g5 16. O-O exd4 17. exd4 Kf8 18. Rae1 Re8 19. Bd1 Bd8 20. Ne2 Qd7 21. Nc1 g6 22. Qc3 Bc7 23. Nd3 Qd8 24. Ne5 Nd7 25. Re2 Nxe5 26. dxe5 b6 27. Ba4 bxc5 28. Bxc6 Nd4 29. Qxc5+ Kg7 30. Ref2 Bb6 31. Qxd5 Qxd5 32. Bxd5 Rd8 33. Bxg5 Rxd5 34. Bf6+ Kh7 35. Bxh8 Kxh8 36. Kh1 Rxe5 37. a4 Nf5 38. Rc2 Kg7 39. Rb1 Nd4 40. Rc3 a5 41. bxa5 Bxa5 42. Rd3 Nc6 43. Rb2 Re1+ 44. Kg2 Ra1 45. Rd6 Ne5 46. Rb5 Ra2+ 47. Kf1 Bc7 48. Rdd5 Nxf3 49. a5 Nxh2+ 50. Ke1 Bxg3+ 51. Kd1 Ng4 52. Kc1 f5 53. Kb1 Ra4 54. Kb2 Nf6 55. Kb3 Ra1 56. Rd8 Be1 57. Ra8 f4 0-1

[Event "ESP-chT 1st Division 2020"]
[Site "Padron"]
[Date "2020.10.05"]
[Round "3.10"]
[White "Suarez Garcia, Carlos"]
[Black "Perez Manas, Benjamin"]
[Result "1-0"]
[ECO "E04"]
[WhiteElo "2439"]
[BlackElo "2259"]
[Annotator "NA"]
[PlyCount "63"]
[EventDate "2020.10.01"]
[EventType "team-tourn"]
[EventCountry "ESP"]
[SourceTitle "playchess.com"]
[Source "ChessBase"]
[SourceQuality "1"]
[TimeControl "5400+30"]

1. d4 Nf6 2. c4 e6 3. g3 d5 4. Nf3 dxc4 5. Bg2 Nc6 6. O-O Rb8 7. Bg5 Be7 8. e3 b5 9. a4 b4 10. Qe2 Na5 11. Ne5 O-O 12. Nxc4 Ba6 13. Nbd2 Nd5 14. Bxe7 Qxe7 15. Be4 Nxc4 16. Nxc4 c5 17. dxc5 Qxc5 18. Bd3 Nf6 19. Rac1 Rfd8 20. Ne5 Bxd3 21. Nxd3 Qf5 22. Rfd1 h5 23. Rc5 Qe4 24. f3 Qb7 25. Ne5 Rxd1+ 26. Qxd1 Qb6 27. Qc1 Rd8 28. Rc8 g6 29. Kf2 Kg7 30. Rxd8 Qxd8 31. Ke2 Qd5 32. Qc7 1-0

[Event "ESP-chT 1st Division 2020"]
[Site "Padron"]
[Date "2020.10.05"]
[Round "3.11"]
[White "Martinez Ramirez, Erik"]
[Black "Travadon, Loic"]
[Result "0-1"]
[ECO "B33"]
[WhiteElo "2231"]
[BlackElo "2424"]
[Annotator "NA"]
[PlyCount "98"]
[EventDate "2020.10.01"]
[EventType "team-tourn"]
[EventCountry "ESP"]
[SourceTitle "playchess.com"]
[Source "ChessBase"]
[SourceQuality "1"]
[TimeControl "5400+30"]

1. e4 c5 2. Nf3 Nc6 3. d4 cxd4 4. Nxd4 Nf6 5. Nc3 e5 6. Ndb5 d6 7. Bg5 a6 8. Na3 b5 9. Bxf6 gxf6 10. Nd5 f5 11. Bd3 Be6 12. O-O Bxd5 13. exd5 Ne7 14. Re1 Bg7 15. c3 O-O 16. Nc2 f4 17. a4 f5 18. axb5 e4 19. Bf1 axb5 20. Nb4 Rxa1 21. Qxa1 Ng6 22. g3 Ne5 23. Bg2 f3 24. Bh3 Qg5 25. Nc6 Nd3 26. Re3 Bh6 27. Qa7 Qh5 28. Bxf5 Rxf5 29. Ne7+ Kh8 30. Nxf5 Qxf5 31. Qd4+ Ne5 32. Qxe4 Qh5 33. Rd3 Bc1 34. b3 Ba3 35. h4 Bc5 36. Qf4 Bxf2+ 37. Kf1 Kg7 38. Rd4 Bxd4 39. cxd4 Ng4 40. Qxd6 Qf7 41. h5 h6 42. Qe6 Qxe6 43. dxe6 Kf6 44. d5 b4 45. Ke1 Ke7 46. Kf1 Nf6 47. Kf2 Nxd5 48. Kxf3 Kxe6 49. g4 Ke5 0-1

[Event "ESP-chT 1st Division 2020"]
[Site "Padron"]
[Date "2020.10.05"]
[Round "3.12"]
[White "Ambartsumova, Karina"]
[Black "Hernando Rodrigo, Inmaculada"]
[Result "1-0"]
[ECO "B32"]
[WhiteElo "2371"]
[BlackElo "1899"]
[Annotator "NA"]
[PlyCount "49"]
[EventDate "2020.10.01"]
[EventType "team-tourn"]
[EventCountry "ESP"]
[SourceTitle "playchess.com"]
[Source "ChessBase"]
[SourceQuality "1"]
[TimeControl "5400+30"]

1. e4 c5 2. Nf3 Nc6 3. d4 cxd4 4. Nxd4 e5 5. Nb5 d6 6. N1c3 a6 7. Na3 b5 8. Nd5 Nge7 9. c4 Nd4 10. cxb5 Nxd5 11. exd5 Bd7 12. Be3 Nxb5 13. Nc4 Qf6 14. Nb6 Rd8 15. a4 Nd4 16. Nxd7 Rxd7 17. Bxa6 Rc7 18. Bxd4 exd4 19. Bb5+ Kd8 20. O-O d3 21. Qxd3 Qxb2 22. Qe3 Be7 23. Rac1 Bf6 24. Rxc7 Kxc7 25. Qa7+ 1-0

[Event "ESP-chT 1st Division 2020"]
[Site "Padron"]
[Date "2020.10.05"]
[Round "3.13"]
[White "Suarez Gomez, Julio"]
[Black "Espinosa Aranda, Angel"]
[Result "1/2-1/2"]
[ECO "E11"]
[WhiteElo "2426"]
[BlackElo "2502"]
[Annotator "ChessBase"]
[PlyCount "60"]
[EventDate "2020.10.01"]
[EventType "team-tourn"]
[EventCountry "ESP"]
[SourceTitle "playchess.com"]
[Source "ChessBase"]
[SourceQuality "1"]
[TimeControl "5400+30"]

1. d4 Nf6 2. Nf3 e6 3. c4 Bb4+ 4. Nbd2 O-O 5. a3 Be7 6. e4 d6 7. Qc2 Nfd7 8. Nb1 e5 9. Be3 exd4 10. Nxd4 Ne5 11. Be2 Nbc6 12. O-O Nxd4 13. Bxd4 Nc6 14. Be3 f5 15. exf5 Bxf5 16. Qb3 Bg5 17. Qxb7 Bd7 18. Nc3 Bxe3 19. fxe3 Rxf1+ 20. Rxf1 Rb8 21. Qa6 Qe8 22. Bf3 Qxe3+ 23. Kh1 Ne5 24. Bd5+ Kh8 25. Qb7 Qb6 26. Qxb6 axb6 27. b3 g6 28. Kg1 Kg7 29. h3 Re8 30. a4 Rb8 1/2-1/2

[Event "ESP-chT 1st Division 2020"]
[Site "Padron"]
[Date "2020.10.05"]
[Round "3.14"]
[White "Plazuelo Pascual, Juan"]
[Black "Reinaldo Castineira, Roi"]
[Result "1/2-1/2"]
[ECO "E40"]
[WhiteElo "2474"]
[BlackElo "2469"]
[Annotator "ChessBase"]
[PlyCount "57"]
[EventDate "2020.10.01"]
[EventType "team-tourn"]
[EventCountry "ESP"]
[SourceTitle "playchess.com"]
[Source "ChessBase"]
[SourceQuality "1"]
[TimeControl "5400+30"]

1. d4 e6 2. c4 Nf6 3. Nc3 Bb4 4. e3 d5 5. Bd2 O-O 6. Nf3 b6 7. cxd5 exd5 8. Bd3 Re8 9. Ne5 Bf8 10. O-O Ba6 11. Bxa6 Nxa6 12. f4 c5 13. Be1 cxd4 14. exd4 Nc7 15. f5 b5 16. Qd3 b4 17. Ne2 Qb8 18. Rc1 Nb5 19. Bg3 Qb7 20. Bh4 Ne4 21. f6 g6 22. Rc2 Rac8 23. Rxc8 Rxc8 24. Bf2 a6 25. Be3 Qc7 26. Rc1 Qb7 27. Rf1 Qc7 28. Rc1 Qb7 29. Rf1 1/2-1/2

[Event "ESP-chT 1st Division 2020"]
[Site "Padron"]
[Date "2020.10.05"]
[Round "3.16"]
[White "Aguilera Lopez, Alejandro"]
[Black "Abal Cores, Lucas"]
[Result "1/2-1/2"]
[ECO "A80"]
[WhiteElo "2241"]
[BlackElo "2315"]
[Annotator "NA"]
[PlyCount "101"]
[EventDate "2020.10.01"]
[EventType "team-tourn"]
[EventCountry "ESP"]
[SourceTitle "playchess.com"]
[Source "ChessBase"]
[SourceQuality "1"]
[TimeControl "5400+30"]

1. d4 f5 2. Bg5 d5 3. e3 Nf6 4. Bxf6 exf6 5. c4 c6 6. cxd5 Qxd5 7. Nc3 Bb4 8. Nge2 Be6 9. Nf4 Qd7 10. Bd3 Bf7 11. Qc2 g6 12. h4 h5 13. a3 Bd6 14. Nce2 Qe7 15. O-O Nd7 16. b4 Kf8 17. Rfe1 Nb6 18. e4 fxe4 19. Bxe4 f5 20. Bf3 Qxh4 21. g3 Qf6 22. b5 g5 23. Nd3 h4 24. bxc6 bxc6 25. Ne5 Be8 26. Nc3 hxg3 27. fxg3 Rd8 28. Bg2 Kg7 29. Na4 f4 30. Nc5 Nd5 31. Bxd5 cxd5 32. Rab1 fxg3 33. Rb7+ Kg8 34. Qg2 Bxc5 35. dxc5 Qf4 36. Nf3 g4 37. Qb2 Qh6 38. Nh4 Rh7 39. Rxh7 Qxh7 40. Qf6 Qc2 41. Qg5+ Kh8 42. Ng6+ Bxg6 43. Qxd8+ Kg7 44. Qe7+ Kg8 45. Qe6+ Kh7 46. Qe7+ Kg8 47. Qd8+ Kg7 48. Qc7+ Kg8 49. Qb8+ Kg7 50. Qe5+ Kh7 51. Qe7+ 1/2-1/2

[Event "ESP-chT 1st Division 2020"]
[Site "Padron"]
[Date "2020.10.05"]
[Round "3.17"]
[White "Rodriguez Ferreiros, Andres"]
[Black "Martinez Piqueras, Carlos"]
[Result "1/2-1/2"]
[ECO "B32"]
[WhiteElo "2133"]
[BlackElo "2200"]
[Annotator "NA"]
[PlyCount "107"]
[EventDate "2020.10.01"]
[EventType "team-tourn"]
[EventCountry "ESP"]
[SourceTitle "playchess.com"]
[Source "ChessBase"]
[SourceQuality "1"]
[TimeControl "5400+30"]

1. e4 c5 2. Nf3 Nc6 3. d4 cxd4 4. Nxd4 e5 5. Nb5 d6 6. N1c3 a6 7. Na3 Be6 8. Nc4 Rb8 9. a4 Nb4 10. Be2 Rc8 11. Nd5 Bxd5 12. exd5 Nf6 13. Ne3 Nfxd5 14. c3 Nxe3 15. Bxe3 Nc6 16. Bg4 Ra8 17. Qb3 Qb8 18. O-O Be7 19. Bf3 O-O 20. Bd5 Qc7 21. f4 Bf6 22. fxe5 dxe5 23. Qc4 Rac8 24. Qg4 Qe7 25. Rxf6 Qxf6 26. Rf1 Qg6 27. Bxf7+ Qxf7 28. Rxf7 Kxf7 29. Qd7+ Kg8 30. Qxb7 a5 31. b4 axb4 32. cxb4 Nd4 33. h3 Nf5 34. Qd5+ Kh8 35. Bc5 Rfe8 36. a5 Rcd8 37. Qf3 Nd4 38. Qe4 Nb3 39. Be3 Nd4 40. a6 Ra8 41. Bxd4 exd4 42. Qxd4 Rxa6 43. b5 Rae6 44. Qb4 Rb8 45. Qf4 Reb6 46. h4 Rxb5 47. h5 h6 48. Qf3 Rg5 49. Qe2 Rb1+ 50. Kf2 Rbb5 51. g4 Rb4 52. Kg3 Rgb5 53. Qe8+ Kh7 54. Qg6+ 1/2-1/2